 Dungeon Crawl Stone Soup version 0.30-a0-12-gd8047c6341 (webtiles) character file.

Game seed: 10759111408555949023

206 drugrobin the Cutter (level 5, -5/42 HPs)
             Began as a Demigod Delver on Aug 23, 2022.
             Killed from afar by an orc (9 damage)
             ... with a puff of flame
             ... on level 4 of the Dungeon.
             The game lasted 00:06:58 (3203 turns).

drugrobin the Cutter (Demigod Delver)               Turns: 3203, Time: 00:06:58

Health: -5/42      AC: -6    Str: 17    XL:     5   Next: 28%
Magic:  16/16      EV: 11    Int: 12    God:
Gold:   113        SH:  0    Dex: 15    Spells: 4/4 levels left

rFire   . . .      SeeInvis .    a - +2 dagger (drain)
rCold   . . .      Faith    .    (no shield)
rNeg    . . .      Spirit   .    o - +0 ring mail
rPois   .          Reflect  .    l - +0 helmet
rElec   .          Harm     .    (no cloak)
rCorr   .          Rampage  .    (no gloves)
Will    .....                    (no boots)
Stlth   ++........               (no amulet)
HPRegen 0.14/turn                m - ring of magical power
MPRegen 0.15/turn                u - ring of flight

@: corroded, flying
A: high MP 1, forlorn, divine attributes
a: no special abilities


You were on level 4 of the Dungeon.
You visited 1 branch of the dungeon, and saw 6 of its levels.

You collected 113 gold pieces.

Inventory:

Hand Weapons
 a - a +2 dagger of draining (weapon)
 b - a +0 rapier
Missiles
 i - 4 boomerangs (quivered)
 t - 3 poisoned darts
Armour
 l - a +0 helmet (worn)
 o - a +0 ring mail (worn)
 w - a +0 leather armour
Jewellery
 m - a ring of magical power (left hand)
 u - a ring of flight (right hand)
Wands
 g - a wand of digging (1)
Scrolls
 c - a scroll of fog
 d - 2 scrolls of magic mapping
 f - 7 scrolls of poison {unknown}
 h - a scroll of enchant armour {unknown}
 j - 3 scrolls of noise {unknown}
 k - 4 scrolls of identify {unknown}
 p - a scroll of blinking {unknown}
 q - 2 scrolls of silence {unknown}
 x - a scroll of brand weapon {unknown}
Potions
 n - 2 potions of heal wounds {unknown}
 r - 3 potions of mutation {unknown}
 s - a potion of lignification {unknown}
 v - a potion of magic {unknown}


   Skills:
 - Level 2.6 Fighting
 + Level 5.3 Short Blades
 - Level 1.7 Dodging
 - Level 4.5 Stealth


You had 4 spell levels left.
You didn't know any spells.
Your spell library was empty.

Dungeon Overview and Level Annotations

Branches:
Dungeon (6/15)
 Temple: D:4-7


Innate Abilities, Weirdness & Mutations

You have an increased reservoir of magic. (+10% MP)
You shall have no god before yourself.
Your divine heritage dramatically boosts your attributes as you level up.


Message History

The jelly is heavily wounded.
The jelly hits you.
* * * LOW HITPOINT WARNING * * *
The acid corrodes you!
You are splashed with acid!
* * * LOW HITPOINT WARNING * * *
Unknown command.
Unknown command.
Unknown command.
Okay, then.
Okay, then.
As you read the scroll of fear, it crumbles to dust.
You assume a fearsome visage.
The jelly looks frightened!
Unknown command.
Throw: 4 boomerangs
Press: ? - help, Q - select action, (/) - cycle Shift-Dir - straight line, f/p - jelly
Aim: a jelly (heavily wounded, fleeing, heavily drained, 89% to hit)
You throw a boomerang.
The boomerang hits the jelly but does no damage.
Your attack snaps the jelly out of its fear.
The jelly is heavily wounded.
Unknown command.
Throw: 4 boomerangs
Press: ? - help, Q - select action, (/) - cycle Shift-Dir - straight line, f/p - jelly
Aim: a jelly (heavily wounded, fleeing, heavily drained, 89% to hit)
You throw a boomerang.
The boomerang hits the jelly but does no damage.
The jelly is heavily wounded.
Unknown command.
You see here a +0 spear.
There is a stone staircase leading up here.
An orc comes into view.
It is wielding a +0 hand axe and carrying a wand of flame (15).
Unknown command.
Throw: 4 boomerangs
Press: ? - help, Q - select action, (/) - cycle Shift-Dir - straight line, f - orc
Aim: an orc, wielding a +0 hand axe, wearing a +0 leather armour and carrying a wand of flame (15) (wandering, hasn't noticed you, 59% to hit)
You throw a boomerang. The boomerang closely misses the orc.
The orc shouts!
You hear a shout!
The orc zaps a wand.
The puff of flame hits you!
You die...

#..###. ##.#.. #......#
#.#.##### . #......#
#.#.##.. .o #......#
#...##.# .# #......#
##..##.###..#
#......####.........
#......+......#..####..
##......#####...@.......
...........).<.....###..
#######..###...#>..#
#....#.............#
#.##.#.#.#...#.#####
.........#...#'######
##.#..##............#
#.#..##............#
#.#...+............#


You could see an orc.

Vanquished Creatures
  Jessica (D:2)
  An orc wizard (D:2)
  5 adders
  4 gnolls
  A worm (D:2)
  6 orcs
  5 ball pythons
  8 endoplasms
  2 giant cockroaches
  7 goblins
  7 hobgoblins
  5 kobolds
  3 quokkas
  2 bats
  A frilled lizard (D:3)
  4 rats
62 creatures vanquished.

Vanquished Creatures (others)
  A plant (D:4)
1 creature vanquished.

Grand Total: 63 creatures vanquished

Notes
Turn   | Place    | Note
-------+----------+-------------------------------------------
     0 | D:5      | drugrobin the Demigod Delver began the quest for the Orb.
     0 | D:5      | Reached XP level 1. HP: 18/18 MP: 3/3
    11 | D:5      | Noticed a hound
    46 | D:5      | Noticed an iguana
    46 | D:5      | Noticed an iguana
   151 | D:3      | Reached skill level 2 in Short Blades
   452 | D:3      | Reached XP level 2. HP: 17/25 MP: 4/4
   880 | D:3      | Reached skill level 3 in Short Blades
  1331 | D:1      | Reached XP level 3. HP: 28/30 MP: 5/5
  2097 | D:2      | Reached skill level 4 in Short Blades
  2173 | D:2      | Reached XP level 4. HP: 37/37 MP: 6/6
  2244 | D:2      | Noticed Jessica
  2251 | D:2      | Killed Jessica
  2493 | D:3      | Reached skill level 5 in Short Blades
  2587 | D:3      | You are sucked into a shaft and drop 1 floor!
  2633 | D:4      | Reached XP level 5. HP: 42/42 MP: 7/7
  2904 | D:4      | Paralysed by a gnoll for 3 turns
  3190 | D:4      | HP: 2/42 [acid (10)]
  3203 | D:4      | Killed from afar by an orc

Illustrated notes

Levels and vault maps discovered:
D:1:      nicolae_arrival_memento_mori, layout_loops_ring
D:2:      layout_rooms, uniq_jessica
D:3:      layout_basic, hangedman_decor_riveting, hangedman_decor_growths
D:4:      layout_basic, nicolae_hepliaklqana_hazy_memory,
          minmay_temple_entry_tees, minmay_misc_feat_square
D:5:      kb_forest_paths, layout_rooms, minivault_25, uniq_grinder
D:6:      minmay_skewed_foursquare, layout_cave_pools,
          mainiacjoe_overflow_alcove_4, centaur_isle

Skill      XL: |  1  2  3  4 |
---------------+-------------+-----
Short Blades   | 2 3 4 5 |  5.3
Fighting       | |  2.6
Dodging        | |  1.7
Stealth        | |  4.5

Action                   |  1- 3 |  4- 6 || total
-------------------------+-------+-------++-------
Melee: Short sword       |   108 |       ||   108
       Punch             |     1 |       ||     1
       Dagger            |    50 |    58 ||   108
Throw: Boomerang         |       |    10 ||    10
Evoke: Wand              |     2 |       ||     2
  Use: Potion            |     1 |       ||     1
       Scroll            |       |     1 ||     1
 Stab: Sleeping          |     6 |     6 ||    12
Armor: Leather armour    |    29 |       ||    29
       Ring mail         |    19 |    11 ||    30
Dodge: Dodged            |    95 |    23 ||   118

Table legend: (Time is in decaauts)
 A = Elapsed time spent in this place.
 B = Non-inter-level travel time spent in this place.
 C = Inter-level travel time spent in this place.
 D = Time resting spent in this place.
 E = Time spent auto-exploring this place.
 F = Levels seen in this place.
 G = Mean time per level.
                   A        B        C        D        E       F      G
               +--------+--------+--------+--------+--------+-----+--------+
         Total |   3158 |   3111 |     47 |    515 |   1746 |   6 |  526.3 |
       Dungeon |   3158 |   3111 |     47 |    515 |   1746 |   6 |  526.3 |
               +--------+--------+--------+--------+--------+-----+--------+

Top non-repeatable levels by time:
     D:3: 1577 daAuts
     D:1: 809 daAuts
     D:2: 495 daAuts
     D:4: 199 daAuts
     D:5: 53 daAuts
     D:6: 23 daAuts
